 Dungeon Crawl Stone Soup version 0.30.0-29-ga12c61a403 (webtiles) character file.

Game seed: 13263055475609498696

56 thedragondan the Chiller (level 4, -1/30 HPs)
             Began as a Human Ice Elementalist on June 6, 2023.
             Slain by a giant cockroach (2 damage)
             ... on level 2 of the Dungeon.
             The game lasted 00:07:32 (1500 turns).

thedragondan the Chiller (Human Ice Elementalist)   Turns: 1500, Time: 00:07:32

Health: -1/30      AC:  2    Str:  8    XL:     4   Next: 15%
Magic:  4/7        EV: 12    Int: 18    God:
Gold:   100        SH:  0    Dex: 13    Spells: 6/7 levels left

rFire   . . .        b - +2 short sword (drain)
rCold   . . .        (no shield)
rNeg    . . .        a - +0 robe
rPois   .            (no helmet)
rElec   .            (no cloak)
rCorr   .            (no gloves)
SInv    .            (no boots)
Will    +....        (no amulet)
Stlth   ++           e - ring of willpower
HPRegen 0.25/turn    (no ring)
MPRegen 0.10/turn

%: no passive effects
@: lethally poisoned (-1 -> -10)
A: no striking features
a: no special abilities


You were on level 2 of the Dungeon.
You visited 1 branch of the dungeon, and saw 2 of its levels.

You collected 100 gold pieces.

Inventory:

Hand Weapons
 b - a +2 short sword of draining (weapon)
Armour
 a - a +0 robe (worn)
Jewellery
 e - a ring of willpower (left hand)
Scrolls
 c - 2 scrolls of identify {unknown}
 i - a scroll of amnesia {unknown}
Potions
 d - a potion of attraction {unknown}
 f - 2 potions of mutation {unknown}
 g - 2 potions of ambrosia {unknown}
 h - 3 potions of curing {unknown}
 j - 2 potions of brilliance {unknown}
 k - a potion of invisibility {unknown}


   Skills:
 + Level 0.2 Fighting
 + Level 2.3 Dodging
 + Level 2.5 Stealth
 + Level 0.3 Unarmed Combat
 + Level 2.4 Spellcasting
 + Level 4.6 Ice Magic


You had 6 spell levels left.
You knew the following spells:

 Your Spells              Type           Power      Damage    Failure   Level
a - Freeze                Ice            72%        1d8       2%          1

Your spell library contained the following spells:

 Spells                   Type           Power      Damage    Failure   Level
 Frozen Ramparts          Ice            36%        1d6       8%          3
 Ozocubu's Armour         Ice            18%        N/A       8%          3
 Call Canine Familiar     Summ           2%         N/A       45%         3
 Portal Projectile        Hex/Tloc       4%         N/A       45%         3
 Summon Ice Beast         Ice/Summ       10%        N/A       54%         4
 Leda's Liquefaction      Hex/Erth       1%         N/A       86%         4


Dungeon Overview and Level Annotations

Branches:
Dungeon (2/15)

Altars:

Shops:
D:1 ?


Message History

The worm barely misses you.
You hit the giant cockroach.
The giant cockroach is almost dead.
The adder barely misses you.
The giant cockroach bites you but does no damage.
Aiming: Freeze (safe; 2% risk of failure)
Press: ? - help, Q - select action Shift-Dir - straight line, f/p - worm
Aim: a worm (lightly wounded)
You freeze the worm.
The worm is lightly wounded.
The adder barely misses you. The giant cockroach misses you.
The worm closely misses you.
You closely miss the giant cockroach.
The giant cockroach is almost dead.
The adder closely misses you. The giant cockroach barely misses you.
The adder bites you.
You are poisoned.
The adder poisons you!
Aiming: Freeze (safe; 2% risk of failure)
Press: ? - help, Q - select action Shift-Dir - straight line, f/p - worm
Aim: a worm (lightly wounded)
You freeze the worm.
The worm is lightly wounded.
You feel sick.
The goblin shouts!
The giant cockroach bites you. The worm bites you!
* * * LOW HITPOINT WARNING * * *
The adder bites you.
* * * LOW HITPOINT WARNING * * *
You are lethally poisoned!
The adder poisons you!
You closely miss the giant cockroach.
The giant cockroach is almost dead.
* * * LOW HITPOINT WARNING * * *
You feel very sick. The giant cockroach barely misses you.
The adder closely misses you. The worm bites you.
* * * LOW HITPOINT WARNING * * *
The giant cockroach bites you.
You die...

.... ## #.. ... #.######
...###......############
................†..(....
...........##[...######
...........#####.######
...........# #†##...#
......S@B..# #......#
#.....gw...# ####...##
#..........# #...#.
#...)......# #.....
#........(.# #...#.
############ #####. #.
♣♣ ♣.


You could see a worm, an adder, a giant cockroach and a goblin.

Vanquished Creatures
  A gnoll (D:1)
  An adder (D:2)
  2 dart slugs (D:1)
  5 ball pythons (D:1)
  2 bats
  An endoplasm (D:2)
  A giant cockroach (D:1)
  3 goblins (D:1)
  2 hobgoblins
  4 jackals (D:1)
  3 kobolds
  A frilled lizard (D:2)
  5 rats
31 creatures vanquished.

Notes
Turn   | Place    | Note
-------+----------+-------------------------------------------
     0 | D:1      | thedragondan the Human Ice Elementalist began the quest for
                  | the Orb.
     0 | D:1      | Reached XP level 1. HP: 13/13 MP: 3/3
    67 | D:1      | Found Ugecvota's Magic Scroll Boutique.
   202 | D:1      | Reached XP level 2. HP: 19/19 MP: 1/5
   345 | D:1      | Reached XP level 3. HP: 4/24 MP: 1/6
  1165 | D:2      | Found a faded altar of an unknown god.
  1471 | D:2      | Reached XP level 4. HP: 19/30 MP: 4/7
  1500 | D:2      | HP: 1/30 [worm (2)]
  1500 | D:2      | Slain by a giant cockroach

Illustrated notes

Levels and vault maps discovered:
D:1:      lightli_arrival_noodles, layout_loops_ring, serial_shops, shop
D:2:      layout_basic, shapermc_ecumenical_altar_totnotflames, basic_altar

Action                     |  1- 3 |  4- 6 || total
---------------------------+-------+-------++-------
  Melee: Unarmed           |    28 |       ||    28
         Short sword       |    32 |    12 ||    44
   Cast: Freeze            |    28 |     3 ||    31
    Use: Potion            |     1 |       ||     1
   Stab: Sleeping          |     3 |       ||     3
 Armour: Robe              |    18 |     3 ||    21
  Dodge: Dodged            |    48 |    18 ||    66
